BSA
NIAGARA FALLS FRENZY @ SO CAL HENVY
08/27/2026
 
TOP OF THE 1ST
Niagara Falls Frenzy batting - Pitching for So Cal Henvy : LHP Tomás Fajardo
Pitching: LHP Tomás Fajardo
Batting: RHB Hidetada Kichida 0-0: Swinging Strike
0-1: Ball
1-1: Ball
2-1: Called Strike
2-2: SINGLE (Line Drive, 8RS)
Batting: LHB Dante Owens 0-0: Ball
1-0: Ball
2-0: Called Strike
2-1: Called Strike
2-2: Foul Ball, location: 2F
2-2: Fielders Choice at 2nd, 1-6 (Groundball, 15S)
Batting: SHB Martín De Jesús 0-0: Ball
1-0: Ball
2-0: Called Strike
2-1: Fly out, F7 (Flyball, 7LD)
Batting: RHB Lawrence Schroeder 0-0: Called Strike
0-1: Foul Ball, location: 2F
0-2: Foul Ball, location: 2F
0-2: Ball
1-2: Strikes out swinging
Top of the 1st over - 0 run(s), 1 hit(s), 0 error(s), 1 left on base; Niagara Falls 0 - So Cal 0
BOTTOM OF THE 1ST
So Cal Henvy batting - Pitching for Niagara Falls Frenzy : RHP Étienne Garcia
Pitching: RHP Étienne Garcia
Batting: SHB Miguel González 0-0: Ball
1-0: Swinging Strike
1-1: Ball
2-1: Ball
3-1: Base on Balls
Batting: LHB John Peterson 0-0: Called Strike
0-1: Reached on error, E2 (Groundball, 23)
Miguel González to third
Batting: RHB Earl Wiggins 0-0: Swinging Strike
0-1: Ball
1-1: Ball
2-1: Swinging Strike
2-2: Strikes out swinging
Batting: RHB Rubén Calderón 0-0: Called Strike
0-1: Ball
1-1: Called Strike
1-2: SINGLE (Line Drive, 6D)
Miguel González scores
John Peterson to third
Batting: SHB Esteban Silva 0-0: Ball
1-0: Foul Ball, location: 2F
1-1: Ball
2-1: Foul Ball, location: 2F
2-2: Strikes out swinging
Batting: RHB Morgan Gibbon 0-0: Ball
1-0: Ball
2-0: Called Strike
2-1: Foul Ball, location: 2F
2-2: 3-RUN HOME RUN (Flyball, 9LD), Distance : 351 ft
Batting: LHB Leo Wyeth 0-0: Ball
1-0: Called Strike
1-1: Swinging Strike
1-2: SINGLE (Groundball, 6MS)
Batting: SHB Derek Roach 0-0: Ball
1-0: Called Strike
1-1: Ground out U3 (Groundball, 3S)
Bottom of the 1st over - 4 run(s), 3 hit(s), 1 error(s), 1 left on base; Niagara Falls 0 - So Cal 4
TOP OF THE 2ND
Niagara Falls Frenzy batting - Pitching for So Cal Henvy : LHP Tomás Fajardo
Batting: RHB Ángel Hinojosa 0-0: Ground out 6-3 (Groundball, 6D)
Batting: LHB Bill Hall 0-0: Foul Ball, location: 2F
0-1: Swinging Strike
0-2: Foul Ball, location: 2F
0-2: Ball
1-2: Ball
2-2: Ground out 1-3 (Groundball, 15S)
Batting: RHB Gerald Burnett 0-0: Ball
1-0: Ball
2-0: Ground out 4-3 (Groundball, 4)
Top of the 2nd over - 0 run(s), 0 hit(s), 0 error(s), 0 left on base; Niagara Falls 0 - So Cal 4
BOTTOM OF THE 2ND
So Cal Henvy batting - Pitching for Niagara Falls Frenzy : RHP Étienne Garcia
Batting: RHB Gregg Nelson 0-0: Ball
1-0: Ball
2-0: Swinging Strike
2-1: Foul Ball, location: 2F
2-2: Ball
3-2: SINGLE (Groundball, 6)
Batting: SHB Miguel González 0-0: DOUBLE (Groundball, 3L)
Gregg Nelson to third
Batting: LHB John Peterson 0-0: Called Strike
0-1: Foul Ball, location: 2F
0-2: Ball
1-2: DOUBLE (Line Drive, 7LM)
Gregg Nelson scores
Miguel González scores
Batting: RHB Earl Wiggins 0-0: Swinging Strike
0-1: Called Strike
0-2: Strikes out looking
Batting: RHB Rubén Calderón 0-0: Fly out, F8 (Flyball, 8RXD)
Runner from 2nd tags up, SAFE at 3rd, no throw
Batting: SHB Esteban Silva 0-0: Ball
1-0: Called Strike
1-1: Foul Ball, location: 2F
1-2: Ball
2-2: Strikes out swinging
Bottom of the 2nd over - 2 run(s), 3 hit(s), 0 error(s), 1 left on base; Niagara Falls 0 - So Cal 6
TOP OF THE 3RD
Niagara Falls Frenzy batting - Pitching for So Cal Henvy : LHP Tomás Fajardo
Batting: RHB Luther Stoffels 0-0: Ball
1-0: Ball
2-0: Called Strike
2-1: Ground out 3-1 (Groundball, 34)
Batting: RHB Jung-ha Kim 0-0: Called Strike
0-1: SINGLE (Line Drive, 7S)
Batting: RHB Hidetada Kichida 0-0: Ball
1-0: Called Strike
1-1: Ball
2-1: Ball
3-1: Foul Ball, location: 2F
3-2: Foul Ball, location: 2F
3-2: SINGLE (Line Drive, 34D)
Jung-ha Kim to second
Batting: LHB Dante Owens 0-0: Ball
1-0: Ball
2-0: Called Strike
2-1: Foul Ball, location: 2F
2-2: TRIPLE (Line Drive, 8RXD)
Jung-ha Kim scores
Hidetada Kichida scores
Batting: SHB Martín De Jesús 0-0: Ball
1-0: Ball
Wild Pitch!
Dante Owens scores
2-0: Foul Ball, location: 2F
2-1: Ball
3-1: SINGLE (Groundball, 56D)
Batting: RHB Lawrence Schroeder 0-0: Ball
1-0: Foul Ball, location: 2F
1-1: Swinging Strike
1-2: Strikes out swinging
Batting: RHB Ángel Hinojosa 0-0: Foul Ball, location: 2F
0-1: Foul Ball, location: 2F
0-2: Ball
1-2: Ball
2-2: Strikes out swinging
Top of the 3rd over - 3 run(s), 4 hit(s), 0 error(s), 1 left on base; Niagara Falls 3 - So Cal 6
BOTTOM OF THE 3RD
So Cal Henvy batting - Pitching for Niagara Falls Frenzy : RHP Étienne Garcia
Batting: RHB Morgan Gibbon 0-0: Called Strike
0-1: Ground out 6-3 (Groundball, 6)
Batting: LHB Leo Wyeth 0-0: Called Strike
0-1: Ball
1-1: Ball
2-1: Foul Ball, location: 2F
2-2: Fly out, F9 (Flyball, 89XD)
Batting: SHB Derek Roach 0-0: Ball
1-0: SINGLE (Groundball, 5D)
Batting: RHB Gregg Nelson 0-0: Foul Ball, location: 2F
0-1: Ball
1-1: Ball
2-1: Ball
3-1: Foul Ball, location: 2F
3-2: SINGLE (Line Drive, 78M)
Derek Roach to second
Derek Roach to third
Batting: SHB Miguel González 0-0: Ball
1-0: Ball
2-0: Foul Ball, location: 2F
2-1: Ground out 4-3 (Groundball, 13)
Bottom of the 3rd over - 0 run(s), 2 hit(s), 0 error(s), 2 left on base; Niagara Falls 3 - So Cal 6
TOP OF THE 4TH
Niagara Falls Frenzy batting - Pitching for So Cal Henvy : LHP Tomás Fajardo
Batting: LHB Bill Hall 0-0: Foul Ball, location: 2F
0-1: Ball
1-1: Ball
2-1: Fly out, F8 (Flyball, 8RXD)
Batting: RHB Gerald Burnett 0-0: Called Strike
0-1: Ground out 6-3 (Groundball, 6M)
Batting: RHB Luther Stoffels 0-0: Ball
1-0: SOLO HOME RUN (Flyball, 7LD), Distance : 349 ft
Batting: RHB Jung-ha Kim 0-0: Ball
1-0: Called Strike
1-1: Swinging Strike
1-2: Ground out 5-3 (Groundball, 5)
Top of the 4th over - 1 run(s), 1 hit(s), 0 error(s), 0 left on base; Niagara Falls 4 - So Cal 6
BOTTOM OF THE 4TH
So Cal Henvy batting - Pitching for Niagara Falls Frenzy : RHP Étienne Garcia
Pitching: RHP Luis López
Batting: LHB John Peterson 0-0: Ball
1-0: Swinging Strike
1-1: Fly out, F8 (Flyball, 4MD)
Batting: RHB Earl Wiggins 0-0: Swinging Strike
0-1: Foul Ball, location: 2F
0-2: Fly out, F9 (Line Drive, 9S)
Batting: RHB Rubén Calderón 0-0: Ball
1-0: Foul Ball, location: 2F
1-1: Ball
2-1: Called Strike
2-2: Foul Ball, location: 2F
2-2: Strikes out swinging
Bottom of the 4th over - 0 run(s), 0 hit(s), 0 error(s), 0 left on base; Niagara Falls 4 - So Cal 6
TOP OF THE 5TH
Niagara Falls Frenzy batting - Pitching for So Cal Henvy : LHP Tomás Fajardo
Batting: RHB Hidetada Kichida 0-0: Ball
1-0: Ball
2-0: Ball
3-0: Called Strike
3-1: Foul Ball, location: 2F
3-2: Base on Balls
Batting: LHB Dante Owens 0-0: Ball
1-0: Swinging Strike
1-1: DOUBLE (Line Drive, 9D)
Hidetada Kichida to third
Runner from 3rd tries for Home, SAFE, throw made at trailing runner, SAFE at third!
Batting: SHB Martín De Jesús 0-0: Swinging Strike
0-1: Ball
1-1: Foul Ball, location: 2F
1-2: Foul Ball, location: 2F
1-2: SINGLE (Groundball, 56D)
Dante Owens scores
Batting: RHB Lawrence Schroeder 0-0: Ball
1-0: Foul Ball, location: 2F
1-1: Called Strike
1-2: Ball
2-2: Foul Ball, location: 2F
2-2: Ball
3-2: Foul Ball, location: 2F
3-2: Fly out, F9 (Flyball, 9S)
Batting: RHB Ángel Hinojosa 0-0: Called Strike
0-1: Ball
1-1: Ball
2-1: Swinging Strike
2-2: Strikes out swinging
Martín De Jesús steals 2nd base
Batter strikes out.
Batting: LHB Bill Hall 0-0: Called Strike
0-1: TRIPLE (Flyball, 8RXD)
Martín De Jesús scores
Batting: RHB Gerald Burnett 0-0: Ground out 5-3 (Groundball, 5)
Top of the 5th over - 3 run(s), 3 hit(s), 0 error(s), 1 left on base; Niagara Falls 7 - So Cal 6
BOTTOM OF THE 5TH
So Cal Henvy batting - Pitching for Niagara Falls Frenzy : RHP Luis López
Batting: SHB Esteban Silva 0-0: Called Strike
0-1: Ground out 4-3 (Groundball, 4)
Batting: RHB Morgan Gibbon 0-0: Ball
1-0: Ball
2-0: Ball
3-0: Called Strike
3-1: Called Strike
3-2: Ground out 4-3 (Groundball, 4)
Batting: LHB Leo Wyeth 0-0: Ball
1-0: Ball
2-0: Ground out 4-3 (Groundball, 4)
Bottom of the 5th over - 0 run(s), 0 hit(s), 0 error(s), 0 left on base; Niagara Falls 7 - So Cal 6
TOP OF THE 6TH
Niagara Falls Frenzy batting - Pitching for So Cal Henvy : LHP Tomás Fajardo
Pitching: RHP Jim Nelson
Batting: RHB Luther Stoffels 0-0: TRIPLE (Groundball, 5D)
Batting: RHB Jung-ha Kim 0-0: Swinging Strike
0-1: Ball
Wild Pitch!
Luther Stoffels scores
1-1: Called Strike
1-2: Strikes out swinging
Batting: RHB Hidetada Kichida 0-0: Ball
1-0: Ball
2-0: Ball
3-0: Base on Balls
Batting: LHB Dante Owens 0-0: Grounds into double play, 6-4-3 (Groundball, 6)
Top of the 6th over - 1 run(s), 1 hit(s), 0 error(s), 0 left on base; Niagara Falls 8 - So Cal 6
BOTTOM OF THE 6TH
So Cal Henvy batting - Pitching for Niagara Falls Frenzy : RHP Luis López
Batting: SHB Derek Roach 0-0: Ball
1-0: Called Strike
1-1: DOUBLE (Line Drive, 5D)
Batting: RHB Gregg Nelson 0-0: Ball
1-0: Ball
2-0: Ball
3-0: Called Strike
3-1: Called Strike
3-2: Foul Ball, location: 2F
3-2: Foul Ball, location: 2F
3-2: Base on Balls
Batting: SHB Miguel González 0-0: Called Strike
0-1: SINGLE (Groundball, 6S)
Derek Roach to third
Gregg Nelson to second
Batting: LHB John Peterson 0-0: Ball
1-0: Swinging Strike
1-1: Foul Ball, location: 2F
1-2: Strikes out swinging
Batting: RHB Earl Wiggins 0-0: Fly out, F8 (Flyball, 8RD)
Runner from 3rd tags up, SCORES, no throw
Batting: RHB Rubén Calderón 0-0: Ball
1-0: Fly out, F6 (Line Drive, 56D)
Bottom of the 6th over - 1 run(s), 2 hit(s), 0 error(s), 2 left on base; Niagara Falls 8 - So Cal 7
TOP OF THE 7TH
Niagara Falls Frenzy batting - Pitching for So Cal Henvy : RHP Jim Nelson
Batting: SHB Martín De Jesús 0-0: Ball
1-0: Ball
2-0: Called Strike
2-1: Called Strike
2-2: Strikes out looking
Batting: RHB Lawrence Schroeder 0-0: Ball
1-0: Called Strike
1-1: Foul Ball, location: 2F
1-2: Ball
2-2: Foul Ball, location: 2F
2-2: Strikes out swinging
Batting: RHB Ángel Hinojosa 0-0: Ball
1-0: SOLO HOME RUN (Flyball, 78XD), Distance : 436 ft
Batting: LHB Bill Hall 0-0: Ball
1-0: Called Strike
1-1: Ground out 1-3 (Groundball, 23)
Top of the 7th over - 1 run(s), 1 hit(s), 0 error(s), 0 left on base; Niagara Falls 9 - So Cal 7
BOTTOM OF THE 7TH
So Cal Henvy batting - Pitching for Niagara Falls Frenzy : RHP Luis López
Pitching: LHP António Bueno
Batting: SHB Esteban Silva 0-0: Called Strike
0-1: Called Strike
0-2: Ball
1-2: Foul Ball, location: 2F
1-2: Ball
2-2: Foul Ball, location: 2F
2-2: Ball
3-2: Ground out 6-3 (Groundball, 6)
Batting: RHB Morgan Gibbon 0-0: Ball
1-0: Ball
2-0: Fly out, F6 (Line Drive, 6)
Batting: LHB Leo Wyeth 0-0: Ball
1-0: Ball
2-0: Called Strike
2-1: Ball
3-1: Base on Balls
Batting: SHB Derek Roach 0-0: Called Strike
0-1: Ball
1-1: Foul Ball, location: 2F
1-2: Strikes out swinging
Bottom of the 7th over - 0 run(s), 0 hit(s), 0 error(s), 1 left on base; Niagara Falls 9 - So Cal 7
TOP OF THE 8TH
Niagara Falls Frenzy batting - Pitching for So Cal Henvy : RHP Jim Nelson
Pitching: RHP Jerry Good
Batting: RHB Gerald Burnett 0-0: Ball
1-0: Fly out, F5 (Popup, 5SF)
Batting: RHB Luther Stoffels 0-0: Called Strike
0-1: Swinging Strike
0-2: Ball
1-2: Strikes out swinging
Batting: RHB Jung-ha Kim 0-0: Swinging Strike
0-1: Ball
1-1: Foul Ball, location: 2F
1-2: Ball
2-2: Strikes out looking
Top of the 8th over - 0 run(s), 0 hit(s), 0 error(s), 0 left on base; Niagara Falls 9 - So Cal 7
BOTTOM OF THE 8TH
So Cal Henvy batting - Pitching for Niagara Falls Frenzy : LHP António Bueno
Batting: RHB Gregg Nelson 0-0: Swinging Strike
0-1: Ball
1-1: Foul Ball, location: 2F
1-2: Ball
2-2: Foul Ball, location: 2F
2-2: Fly out, F7 (Flyball, 7M)
Batting: SHB Miguel González 0-0: Swinging Strike
0-1: Swinging Strike
0-2: Ball
1-2: Ball
2-2: Foul Ball, location: 2F
2-2: Ball
3-2: Strikes out swinging
Batting: LHB John Peterson 0-0: SINGLE (Line Drive, 34)
Batting: RHB Earl Wiggins 0-0: Ball
1-0: Swinging Strike
1-1: Ball
2-1: Ball
3-1: Foul Ball, location: 2F
3-2: Foul Ball, location: 2F
3-2: SINGLE (Groundball, 6MD)
John Peterson to second
John Peterson to third
Pitching: LHP Wilbert Cooper
Batting: RHB Rubén Calderón 0-0: Ball
1-0: Ball
2-0: Ball
3-0: Called Strike
3-1: Ground out 6-3 (Groundball, 56)
Bottom of the 8th over - 0 run(s), 2 hit(s), 0 error(s), 2 left on base; Niagara Falls 9 - So Cal 7
TOP OF THE 9TH
Niagara Falls Frenzy batting - Pitching for So Cal Henvy : RHP Jerry Good
Batting: RHB Hidetada Kichida 0-0: Ball
1-0: Ball
2-0: SINGLE (Groundball, 6)
Pitching: LHP Raúl Sandoval
Batting: LHB Dante Owens 0-0: Bunted foul
0-1: Ball
1-1: Ball
2-1: Sac Bunt - play at first, batter OUT! 1-4
Hidetada Kichida to second
Pitching: RHP Jesse Little
Batting: SHB Martín De Jesús 0-0: Intentional Walk
Pitching: RHP Juan Flores
Batting: RHB Lawrence Schroeder 0-0: Called Strike
0-1: Ball
1-1: Swinging Strike
1-2: Fly out, F8 (Flyball, 8RS)
Batting: RHB Ángel Hinojosa 0-0: Ball
1-0: Fielders Choice at 2nd, 5-4 (Groundball, 56)
Top of the 9th over - 0 run(s), 1 hit(s), 0 error(s), 1 left on base; Niagara Falls 9 - So Cal 7
BOTTOM OF THE 9TH
So Cal Henvy batting - Pitching for Niagara Falls Frenzy : LHP Wilbert Cooper
Pitching: RHP Esteban Juárez
Batting: SHB Esteban Silva 0-0: SINGLE (Line Drive, 6MD)
Batting: RHB Morgan Gibbon 0-0: Called Strike
0-1: Ball
1-1: Ball
2-1: Foul Ball, location: 2F
2-2: Grounds into double play, 5-4-3 (Groundball, 56)
Batting: LHB Leo Wyeth 0-0: Ball
1-0: Ball
2-0: Foul Ball, location: 2F
2-1: Fly out, F8 (Flyball, 78M)
Bottom of the 9th over - 0 run(s), 1 hit(s), 0 error(s), 0 left on base; Niagara Falls 9 - So Cal 7
Monday, December 5th, 2016 - OOTP Baseball 17.12 Build 75